 Dungeon Crawl Stone Soup version 0.25.0-8-gfd19cd77bd (console) character file.

Game seed: 4880621648319734704

910 Kagalorn the Sneak (level 7, -5/42 HPs)
             Began as a Deep Elf Artificer on June 16, 2020.
             Slain by Duvessa
             ... wielding a +0 short sword
              (6 damage)
             ... on level 5 of the Dungeon.
             The game lasted 00:28:48 (11496 turns).

Kagalorn the Sneak (Deep Elf Artificer)            Turns: 11496, Time: 00:28:48

Health: -5/42      AC:  4    Str: 11    XL:     7   Next: 81%
Magic:  12/12      EV: 14    Int: 16    God:
Gold:   54         SH:  0    Dex: 15    Spells: 5/8 levels left

rFire    . . .     SeeInvis .   a - +2 short sword (vamp)
rCold    . . .     Gourm    .   (no shield)
rNeg     . . .     Faith    .   t - +0 leather armour
rPois    .         Spirit   .   (no helmet)
rElec    .         Reflect  .   B - scarf {repulsion}
rCorr    .         Harm     .   o - +0 pair of gloves
MR       .....                  (no boots)
Stlth    +++.......             (no amulet)
HPRegen  0.14/turn              (no ring)
MPRegen  0.13/turn              (no ring)

@: about to teleport, repel missiles
A: no striking features
a: no special abilities


You were on level 5 of the Dungeon.
You were hungry.

You visited 1 branch of the dungeon, and saw 5 of its levels.

You collected 254 gold pieces.
You spent 200 gold pieces at shops.

Inventory:

Hand Weapons
 a - a +2 vampiric short sword (weapon)
 b - a +2 dagger of protection
Missiles
 g - 52 sling bullets
 m - 119 arrows
 r - 16 poisoned darts (quivered)
 y - 131 stones
Armour
 n - a +0 cloak
 o - a +0 pair of gloves (worn)
 t - a +0 leather armour (worn)
 B - a scarf of repulsion (worn)
Jewellery
 h - an uncursed amulet of faith
 D - an uncursed ring of protection from fire
Wands
 c - a wand of flame (2)
 d - a wand of enslavement (8)
 e - a wand of random effects (11)
 z - a wand of clouds (4)
 E - a wand of polymorph (2)
Scrolls
 i - a scroll of teleportation
 k - 2 scrolls of remove curse
 p - a scroll of amnesia
 u - a scroll of enchant weapon
 v - a scroll of fear
 w - 2 scrolls of enchant armour
Potions
 j - a potion of curing
 l - 2 potions of flight
 s - 2 potions of haste
 x - a potion of degeneration
 C - a potion of magic
Comestibles
 f - 9 rations
 q - 3 chunks of flesh


   Skills:
 + Level 3.9 Fighting
 - Level 1.0 Short Blades
 - Level 5.0 Dodging
 - Level 6.0 Stealth
 + Level 1.4 Spellcasting
 * Level 1.8 Conjurations
 * Level 2.0 Translocations
 - Level 5.0 Evocations


You had 5 spell levels left.
You knew the following spells:

 Your Spells              Type           Power        Failure   Level  Hunger
a - Magic Dart            Conj           #...         14%         1    ##.....
b - Blink                 Tloc           N/A          19%         2    ###....

Your spell library contained the following spells:

 Spells                   Type           Power        Failure   Level  Hunger
 Call Imp                 Summ           #.......     41%         2    ###....
 Slow                     Hex            #.......     41%         2    ###....
 Conjure Flame            Conj/Fire      #.......     52%         3    ####...
 Mephitic Cloud           Conj/Pois/Air  #.......     56%         3    ####...


Dungeon Overview and Level Annotations

Branches:
Dungeon (5/15)
 Temple: D:4-7

Altars:
Nemelex Xobeh
Trog
Uskayaw
Yredelemnul

Shops:
D:4 :?

Annotations:
D:5 2 transporters, Dowan; Duvessa; Prince Ribbit; endorz's ghost, novice MiBe


Message History

Duvessa seems to speed up.
Press: ? - help, v - describe, . - travel
Here: Duvessa, wielding a +0 short sword and wearing a +0 chain mail (fast)
The floor.
Duvessa hits you with a +0 short sword. Duvessa closely misses you.
Duvessa misses you. Duvessa completely misses you. Duvessa closely misses you.
Duvessa hits you with a +0 short sword. Duvessa hits you with a +0 short sword!
Duvessa hits you with a +0 short sword!
* * * LOW HITPOINT WARNING * * *
As you read the scroll of teleportation, it crumbles to dust.
You feel strangely unstable. Duvessa hits you with a +0 short sword.
* * * LOW HITPOINT WARNING * * *
Duvessa hits you with a +0 short sword.
* * * LOW HITPOINT WARNING * * *
Duvessa hits you with a +0 short sword.
You die...

#...##.#.#.###...###..#...#.###
###.##.#.#.#................#
#.##.#e#.#.##########.#.###
###.##.#.#.#.# #.#.#
#...#..#.#.#.# #.#.#
#.###.##.#.#.# ########.#.# #.#
#.##.#.#.# #........#.# #.#
#.##.#.#.# #.########.# #.#
#.##.#.#.# #@# #)# #.#
#.##.....###e# #.# ..#
#.....e......# #.# ###
#####.######## #.# #...*
######)# #######*###.# #....).#
.......,,,,.# #.######
#######*****# #.# #.#


You could see Duvessa (fast).

Vanquished Creatures
  Sigmund (D:2)
  An ogre (D:4)
  2 crimson imps
  4 orc priests
  2 hounds
  A centaur skeleton (D:5)
  2 orc wizards (D:3)
  Jessica (D:2)
  4 worker ants
  A hound skeleton (D:4)
  6 gnolls
  2 adders
  A shadow imp (D:5)
  2 worms (D:2)
  A dart slug (D:2)
  3 leopard geckos
  12 orcs
  5 bats
  A giant cockroach (D:2)
  12 goblins
  9 hobgoblins
  3 jackals (D:2)
  10 kobolds
  A quokka (D:3)
  5 frilled lizards
  A leopard gecko skeleton (D:4)
  10 rats
103 creatures vanquished.

Vanquished Creatures (collateral kills)
  A howler monkey (D:4)
1 creature vanquished.

Vanquished Creatures (others)
  2 gnolls (D:4)
  An orc (D:5)
3 creatures vanquished.

Grand Total: 107 creatures vanquished

Notes
Turn   | Place    | Note
-------+----------+-------------------------------------------
     0 | D:1      | Kagalorn the Deep Elf Artificer began the quest for the
                  | Orb.
     0 | D:1      | Reached XP level 1. HP: 11/11 MP: 5/5
   531 | D:1      | Reached skill level 1 in Fighting
   619 | D:1      | Found a sparkling altar of Nemelex Xobeh.
   792 | D:1      | Reached skill level 2 in Stealth
   792 | D:1      | Reached XP level 2. HP: 9/16 MP: 6/6
  1465 | D:1      | Reached XP level 3. HP: 16/20 MP: 7/7
  2676 | D:2      | Noticed Jessica
  2750 | D:2      | Killed Jessica
  2750 | D:2      | Reached XP level 4. HP: 26/26 MP: 7/9
  2799 | D:2      | Found a bloodstained altar of Trog.
  2799 | D:2      | Noticed Sigmund
  2819 | D:2      | Killed Sigmund
  2819 | D:2      | Reached skill level 3 in Stealth
  2819 | D:2      | Reached XP level 5. HP: 28/31 MP: 10/10
  2820 | D:2      | Reached skill level 4 in Stealth
  3287 | D:3      | Reached XP level 6. HP: 25/36 MP: 11/11
  3676 | D:3      | Found a hide-covered altar of Uskayaw.
  5800 | D:3      | Found a hide-covered altar of Uskayaw.
  6037 | D:3      | Found a hide-covered altar of Uskayaw.
  6089 | D:3      | Reached skill level 5 in Evocations
  6982 | D:4      | Found Gichucwa's Book Shop.
  7347 | D:4      | Found a basalt altar of Yredelemnul.
  7437 | D:4      | Reached skill level 5 in Dodging
  7461 | D:4      | Found Ofuole Guozi's Magic Scroll Shop.
  7497 | D:4      | Reached skill level 5 in Stealth
  7497 | D:4      | Reached XP level 7. HP: 40/41 MP: 12/12
  9373 | D:4      | Bought a book of Minor Magic for 200 gold pieces
  9376 | D:4      | Learned a level 1 spell: Magic Dart
  9379 | D:4      | Learned a level 2 spell: Blink
  9510 | D:5      | Entered Level 5 of the Dungeon
 10253 | D:5      | Reached skill level 6 in Stealth
 10253 | D:5      | Reached skill level 1 in Conjurations
 10253 | D:5      | Reached skill level 1 in Translocations
 10268 | D:5      | Reached skill level 1 in Spellcasting
 10319 | D:5      | HP: 1/42 [orc wizard/+1 hand axe of distortion (7)]
 10980 | D:5      | Found a transporter.
 11015 | D:5      | Noticed Prince Ribbit
 11037 | D:5      | HP: 1/42 [Prince Ribbit (15)]
 11402 | D:5      | Found a transporter.
 11402 | D:5      | Noticed endorz's ghost (novice MiBe)
 11418 | D:5      | Noticed Dowan
 11419 | D:5      | Noticed Duvessa
 11494 | D:5      | HP: 1/42 [Duvessa/+0 short sword (2)]
 11496 | D:5      | Slain by Duvessa

Illustrated notes

Levels and vault maps discovered:
D:1:      dpeg_arrival_round_a, layout_basic, nemelex_altar_shiori
D:2:      layout_basic, trog_hazing_becter, uniq_sigmund, uniq_jessica
D:3:      layout_basic, eat_drink_and_be_merry_uskayaw, serial_curves,
          eino_curves_02, eino_curves_01, first_ration, minivault_27,
          kennysheep_decorative_pillar
D:4:      layout_basic, kennysheep_little_box, serial_shops, shop,
          shop_fountains
D:5:      layout_basic, gammafunk_ghost_mausoleum, hangedman_decor_peaks_small,
          uniq_duvessa, uniq_prince_ribbit1

Skill      XL: |  1  2  3  4  5  6  7 |
---------------+----------------------+-----
Fighting       | 1 2 3 |  3.9
Stealth        | 2 3 4 5 6 |  6.0
Dodging        | 3 4 5 |  5.0
Evocations     | 4 5 |  5.0
Conjurations   | 1 |  1.8
Translocations | 2 |  2.0
Spellcasting   | 1 |  1.4
Short Blades   | |  1.0

Action                   |  1- 3 |  4- 6 |  7- 9 || total
-------------------------+-------+-------+-------++-------
Melee: Short sword       |   143 |   223 |   150 ||   516
       Dagger            |       |    34 |       ||    34
Throw: Stone             |       |    15 |     1 ||    16
       Dart              |       |       |    24 ||    24
       Throwing net      |       |       |     1 ||     1
 Cast: Magic Dart        |       |       |    22 ||    22
Evoke: Wand              |     5 |    15 |     4 ||    24
  Use: Scroll            |       |     7 |    10 ||    17
       Potion            |       |     1 |     2 ||     3
 Stab: Sleeping          |     9 |     4 |     5 ||    18
  Eat: Chunk             |     6 |     8 |     3 ||    17
       Ration            |       |     2 |     3 ||     5
Armor: Leather armour    |    29 |    40 |    18 ||    87
       Skin              |       |       |     5 ||     5
Dodge: Dodged            |    67 |   173 |    96 ||   336
       Repelled          |       |     3 |     8 ||    11
